TOP OF THE 1ST |
Toronto Titans batting - Pitching for St. Louis Browns : RHP Nelson Ortega
|
Pitching: RHP Nelson Ortega
|
|
Batting: SHB Ramón Lugo
|
0-0: Ball 1-0: Foul Ball, location: 2F 1-1: Foul Ball, location: 2F 1-2: Fly out, F7 (Flyball, 7LS)
|
Batting: LHB Kent MacDulothe
|
0-0: Called Strike 0-1: Called Strike 0-2: Ball 1-2: Ball 2-2: Fly out, F9 (Flyball, 9S)
|
Batting: LHB José Rodríguez
|
0-0: Ball 1-0: Called Strike 1-1: Called Strike 1-2: Foul Ball, location: 2F 1-2: DOUBLE (Line Drive, 7LD)
|
Batting: LHB Roberto García
|
0-0: Called Strike Passed Ball! José Rodríguez to third 0-1: Called Strike 0-2: Ball 1-2: Ball 2-2: Strikes out swinging
|
Top of the 1st over - 0 run(s), 1 hit(s), 0 error(s), 1 left on base; Toronto 0 - St. Louis 0 |
BOTTOM OF THE 1ST |
St. Louis Browns batting - Pitching for Toronto Titans : RHP Daniel Grant
|
Pitching: RHP Daniel Grant
|
|
Batting: SHB Ryobe Yamamoto
|
0-0: Ball 1-0: Ball 2-0: Ball 3-0: Called Strike 3-1: Foul Ball, location: 2F 3-2: Fly out, F9 (Flyball, 89M)
|
Batting: LHB Mike Hill
|
0-0: Ball 1-0: Ground out 4-3 (Groundball, 4)
|
Batting: LHB Stan Hickman
|
0-0: Ball 1-0: Foul Ball, location: 2F 1-1: Swinging Strike 1-2: Fly out, F7 (Flyball, 78S)
|
Bottom of the 1st over - 0 run(s), 0 hit(s), 0 error(s), 0 left on base; Toronto 0 - St. Louis 0 |
TOP OF THE 2ND |
Toronto Titans batting - Pitching for St. Louis Browns : RHP Nelson Ortega
|
Batting: SHB Álex Rosado
|
0-0: Ball 1-0: Swinging Strike 1-1: Called Strike 1-2: Ball 2-2: Foul Ball, location: 2F 2-2: Strikes out swinging
|
Batting: LHB Lewis Barr
|
0-0: Called Strike 0-1: Ball 1-1: Ball 2-1: Ground out 4-3 (Groundball, 4)
|
Batting: SHB Juan Gómez
|
0-0: Called Strike 0-1: Ball 1-1: SINGLE (Flyball, 89S)
|
Batting: LHB Matt Smith
|
0-0: Ball 1-0: Ball 2-0: Foul Ball, location: 2F 2-1: Fly out, F4 (Line Drive, 4)
|
Top of the 2nd over - 0 run(s), 1 hit(s), 0 error(s), 1 left on base; Toronto 0 - St. Louis 0 |
BOTTOM OF THE 2ND |
St. Louis Browns batting - Pitching for Toronto Titans : RHP Daniel Grant
|
Batting: LHB Clinton Clark
|
0-0: Ball 1-0: Foul Ball, location: 2F 1-1: Foul Ball, location: 2F 1-2: Strikes out swinging
|
Batting: LHB Jorge Torres
|
0-0: Fly out, F8 (Flyball, 8LXD)
|
Batting: LHB Junior Coates
|
0-0: Ball 1-0: Ground out U3 (Groundball, 3L)
|
Bottom of the 2nd over - 0 run(s), 0 hit(s), 0 error(s), 0 left on base; Toronto 0 - St. Louis 0 |
TOP OF THE 3RD |
Toronto Titans batting - Pitching for St. Louis Browns : RHP Nelson Ortega
|
Batting: RHB Alberto Velásquez
|
0-0: Swinging Strike 0-1: Fly out, F9 (Flyball, 89M)
|
Batting: SHB Ramón Lugo
|
0-0: Foul Ball, location: 2F 0-1: Foul Ball, location: 2F 0-2: Fly out, F7 (Flyball, 78S)
|
Batting: LHB Kent MacDulothe
|
0-0: Ball 1-0: Ball 2-0: Ground out 4-3 (Groundball, 4S)
|
Top of the 3rd over - 0 run(s), 0 hit(s), 0 error(s), 0 left on base; Toronto 0 - St. Louis 0 |
BOTTOM OF THE 3RD |
St. Louis Browns batting - Pitching for Toronto Titans : RHP Daniel Grant
|
Batting: LHB Víctor Hernández
|
0-0: Ball 1-0: Ball 2-0: Ball 3-0: Base on Balls
|
Batting: LHB Tommy Evans
|
0-0: Ground out 4-3 (Groundball, 4MS) Víctor Hernández to second
|
Batting: RHB Mario Rosales
|
0-0: Ball 1-0: Foul Ball, location: 2F 1-1: Ball 2-1: Fly out, F8 (Flyball, 8LXD) Runner from 2nd tags up, SAFE at 3rd, no throw
|
Batting: SHB Ryobe Yamamoto
|
0-0: Called Strike 0-1: Foul Ball, location: 2F 0-2: Ball 1-2: Foul Ball, location: 2F 1-2: Strikes out swinging
|
Bottom of the 3rd over - 0 run(s), 0 hit(s), 0 error(s), 1 left on base; Toronto 0 - St. Louis 0 |
TOP OF THE 4TH |
Toronto Titans batting - Pitching for St. Louis Browns : RHP Nelson Ortega
|
Batting: LHB José Rodríguez
|
0-0: Ball 1-0: Foul Ball, location: 2F 1-1: Called Strike 1-2: Foul Ball, location: 2F 1-2: Ball 2-2: Strikes out looking
|
Batting: LHB Roberto García
|
0-0: Swinging Strike 0-1: Ball 1-1: Ball 2-1: SINGLE (Line Drive, 6)
|
Batting: SHB Álex Rosado
|
0-0: Called Strike 0-1: Swinging Strike 0-2: Foul Ball, location: 2F 0-2: Ball 1-2: Ball 2-2: Foul Ball, location: 2F 2-2: Ground out U3 (Groundball, 3S) Roberto García to second
|
Batting: LHB Lewis Barr
|
0-0: Ball 1-0: Ball 2-0: Foul Ball, location: 2F 2-1: Ground out 2-3 (Groundball, 15S)
|
Top of the 4th over - 0 run(s), 1 hit(s), 0 error(s), 1 left on base; Toronto 0 - St. Louis 0 |
BOTTOM OF THE 4TH |
St. Louis Browns batting - Pitching for Toronto Titans : RHP Daniel Grant
|
Batting: LHB Mike Hill
|
0-0: Ball 1-0: Ball 2-0: Ball 3-0: Called Strike 3-1: Ground out 4-3 (Groundball, 4M)
|
Batting: LHB Stan Hickman
|
0-0: Ball 1-0: Ball 2-0: Ball 3-0: Swinging Strike 3-1: Foul Ball, location: 2F 3-2: Base on Balls
|
Batting: LHB Clinton Clark
|
0-0: Called Strike 0-1: Ball Wild Pitch! Stan Hickman to second 1-1: 2-RUN HOME RUN (Line Drive, 78XD), Distance : 419 ft
|
Batting: LHB Jorge Torres
|
0-0: Ball 1-0: Ball 2-0: SINGLE (Groundball, 34)
|
Batting: LHB Junior Coates
|
0-0: Swinging Strike 0-1: Fielders Choice at 2nd, 1-6 (Groundball, 13S)
|
Now at SS: Jim Tracy
|
|
Batting: LHB Víctor Hernández
|
0-0: Swinging Strike Passed Ball! Junior Coates to second 0-1: Ball 1-1: Called Strike 1-2: Fly out, F6 (Line Drive, 6)
|
Bottom of the 4th over - 2 run(s), 2 hit(s), 0 error(s), 1 left on base; Toronto 0 - St. Louis 2 |
TOP OF THE 5TH |
Toronto Titans batting - Pitching for St. Louis Browns : RHP Nelson Ortega
|
Batting: SHB Juan Gómez
|
0-0: Ball 1-0: Ball 2-0: Foul Ball, location: 2F 2-1: Ball 3-1: Called Strike 3-2: Foul Ball, location: 2F 3-2: DOUBLE (Flyball, 78XD) - OUT at third base trying to stretch hit.
|
Batting: LHB Matt Smith
|
0-0: Ball 1-0: Foul Ball, location: 2F 1-1: Ball 2-1: Foul Ball, location: 2F 2-2: Ball 3-2: Foul Ball, location: 2F 3-2: Ground out 4-3 (Groundball, 13)
|
Batting: RHB Jim Tracy
|
0-0: Ball 1-0: Swinging Strike 1-1: Foul Ball, location: 2F 1-2: Strikes out swinging
|
Top of the 5th over - 0 run(s), 1 hit(s), 0 error(s), 0 left on base; Toronto 0 - St. Louis 2 |
BOTTOM OF THE 5TH |
St. Louis Browns batting - Pitching for Toronto Titans : RHP Daniel Grant
|
Batting: LHB Tommy Evans
|
0-0: Called Strike 0-1: Ball 1-1: Ground out 4-3 (Groundball, 4)
|
Batting: RHB Mario Rosales
|
0-0: Ball 1-0: Called Strike 1-1: Foul Ball, location: 2F 1-2: Ball 2-2: Foul Ball, location: 2F 2-2: Ball 3-2: Ground out 5-3 (Groundball, 56)
|
Batting: SHB Ryobe Yamamoto
|
0-0: Swinging Strike 0-1: Fly out, F5 (Popup, 25F)
|
Bottom of the 5th over - 0 run(s), 0 hit(s), 0 error(s), 0 left on base; Toronto 0 - St. Louis 2 |
TOP OF THE 6TH |
Toronto Titans batting - Pitching for St. Louis Browns : RHP Nelson Ortega
|
Batting: SHB Ramón Lugo
|
0-0: Swinging Strike 0-1: Ball 1-1: Ball 2-1: Foul Ball, location: 2F 2-2: Ball 3-2: Foul Ball, location: 2F 3-2: Foul Ball, location: 2F 3-2: SINGLE (Groundball, 13) (infield hit)
|
Batting: LHB Kent MacDulothe
|
0-0: Grounds out, U3 (Groundball, 3L)
|
Batting: LHB José Rodríguez
|
0-0: Ball 1-0: Called Strike 1-1: SINGLE (Groundball, 4MD) Ramón Lugo to third
|
Batting: LHB Roberto García
|
0-0: Ball 1-0: Swinging Strike 1-1: Ball 2-1: Fielders Choice at 2nd, 6-4 (Groundball, 6) Ramón Lugo scores
|
Pitching: LHP Miguel Martínez
|
|
Batting: SHB Álex Rosado
|
0-0: Ball 1-0: Ball 2-0: Called Strike 2-1: Called Strike 2-2: Ground out 3-1 (Groundball, 34S)
|
Top of the 6th over - 1 run(s), 2 hit(s), 0 error(s), 1 left on base; Toronto 1 - St. Louis 2 |
BOTTOM OF THE 6TH |
St. Louis Browns batting - Pitching for Toronto Titans : RHP Daniel Grant
|
Batting: LHB Mike Hill
|
0-0: Foul Ball, location: 2F 0-1: Ball 1-1: Ball 2-1: SINGLE (Flyball, 8LS)
|
Batting: LHB Stan Hickman
|
0-0: Ball 1-0: Ball 2-0: Foul Ball, location: 2F 2-1: Swinging Strike 2-2: DOUBLE (Line Drive, 3D) Mike Hill to third
|
Batting: LHB Clinton Clark
|
0-0: Ball 1-0: Ball 2-0: Foul Ball, location: 2F 2-1: Foul Ball, location: 2F 2-2: Ball 3-2: Strikes out looking
|
Batting: LHB Jorge Torres
|
0-0: Foul Ball, location: 2F 0-1: SINGLE (Groundball, 56) Mike Hill scores Stan Hickman to third Runner from 3rd tries for Home, SAFE, throw made home
|
Batting: LHB Junior Coates
|
0-0: SINGLE (Line Drive, 9LS) Jorge Torres to second
|
Batting: LHB Víctor Hernández
|
0-0: Ball 1-0: Grounds into double play, 4-6-3 (Groundball, 4)
|
Bottom of the 6th over - 2 run(s), 4 hit(s), 0 error(s), 1 left on base; Toronto 1 - St. Louis 4 |
TOP OF THE 7TH |
Toronto Titans batting - Pitching for St. Louis Browns : LHP Miguel Martínez
|
Batting: LHB Lewis Barr
|
0-0: Swinging Strike 0-1: Foul Ball, location: 2F 0-2: Ball 1-2: Ball 2-2: Ball 3-2: Base on Balls
|
Batting: SHB Juan Gómez
|
0-0: Ball 1-0: Foul Ball, location: 2F 1-1: Fly out, F9 (Flyball, 89D) Runner from 1st tags up, SAFE at 2nd
|
Batting: LHB Matt Smith
|
0-0: Called Strike 0-1: Ball 1-1: Foul Ball, location: 2F 1-2: Strikes out swinging
|
Batting: RHB Jim Tracy
|
0-0: Called Strike 0-1: Foul Ball, location: 2F 0-2: Foul Ball, location: 2F 0-2: Ground out U3 (Groundball, 3S)
|
Top of the 7th over - 0 run(s), 0 hit(s), 0 error(s), 1 left on base; Toronto 1 - St. Louis 4 |
BOTTOM OF THE 7TH |
St. Louis Browns batting - Pitching for Toronto Titans : RHP Daniel Grant
|
Batting: LHB Tommy Evans
|
0-0: Swinging Strike 0-1: Swinging Strike 0-2: Strikes out looking
|
Batting: RHB Mario Rosales
|
0-0: Called Strike 0-1: Called Strike 0-2: Ground out 5-3 (Groundball, 56S)
|
Batting: SHB Ryobe Yamamoto
|
0-0: Called Strike 0-1: Called Strike 0-2: Strikes out swinging
|
Bottom of the 7th over - 0 run(s), 0 hit(s), 0 error(s), 0 left on base; Toronto 1 - St. Louis 4 |
TOP OF THE 8TH |
Toronto Titans batting - Pitching for St. Louis Browns : LHP Miguel Martínez
|
Now at 1B: Will Brown
|
|
Batting: SHB Ramón Lugo
|
0-0: Swinging Strike 0-1: Ball 1-1: Swinging Strike 1-2: Ball 2-2: Foul Ball, location: 2F 2-2: Strikes out swinging
|
Pitching: RHP John Allan
|
|
Batting: LHB Kent MacDulothe
|
0-0: Ball 1-0: Foul Ball, location: 2F 1-1: Foul Ball, location: 2F 1-2: Strikes out looking
|
Batting: LHB José Rodríguez
|
0-0: Ball 1-0: Swinging Strike 1-1: Foul Ball, location: 2F 1-2: Ball 2-2: Foul Ball, location: 2F 2-2: Strikes out looking
|
Top of the 8th over - 0 run(s), 0 hit(s), 0 error(s), 0 left on base; Toronto 1 - St. Louis 4 |
BOTTOM OF THE 8TH |
St. Louis Browns batting - Pitching for Toronto Titans : RHP Daniel Grant
|
Pitching: RHP Pablo Cabral
|
|
Batting: LHB Mike Hill
|
0-0: Ground out 5-3 (Groundball, 56S)
|
Batting: LHB Stan Hickman
|
0-0: Ball 1-0: Swinging Strike 1-1: Swinging Strike 1-2: Foul Ball, location: 2F 1-2: Ball 2-2: Foul Ball, location: 2F 2-2: Strikes out swinging
|
Batting: LHB Clinton Clark
|
0-0: Ball 1-0: Ground out 1-3 (Groundball, 25)
|
Bottom of the 8th over - 0 run(s), 0 hit(s), 0 error(s), 0 left on base; Toronto 1 - St. Louis 4 |
TOP OF THE 9TH |
Toronto Titans batting - Pitching for St. Louis Browns : RHP John Allan
|
Batting: LHB Roberto García
|
0-0: Swinging Strike 0-1: Foul Ball, location: 2F 0-2: Ground out 6-3 (Groundball, 6)
|
Batting: SHB Álex Rosado
|
0-0: Ground out 4-3 (Groundball, 4)
|
Batting: LHB Lewis Barr
|
0-0: Ball 1-0: Ball 2-0: Ground out 6-3 (Groundball, 6M)
|
Top of the 9th over - 0 run(s), 0 hit(s), 0 error(s), 0 left on base; Toronto 1 - St. Louis 4 |
|